 Seeded DCSS version 0.30-a0-728-gc68057be0a (webtiles) character file.

Game seed: 20230131 (custom seed)

16835 Orangeyouglad the Fighter (level 12, -17/97 HPs)
             Began as a Human Ice Elementalist on Jan 31, 2023.
             Was a Priest of Yredelemnul.
             Killed from afar by a lindwurm (61 damage)
             ... with a blast of flame
             ... on level 1 of the Lair of Beasts.
             The game lasted 00:45:19 (10983 turns).

Orangeyouglad the Fighter (Human Ice Elementalist) Turns: 10983, Time: 00:45:20

Health: -17/97     AC: 14    Str:  9    XL:     12   Next: 75%
Magic:  16/18      EV: 14    Int: 19    God:    Yredelemnul [***...]
Gold:   862        SH:  5    Dex: 18    Spells: 6/17 levels left

rFire   x x .      SeeInvis .    l - +5 short sword of Deformation {vamp, Fragile rN+ Will+ Dex+3}
rCold   + . .      Faith    .    (no shield)
rNeg    + + .      Spirit   .    p - +4 ring mail of the Constellations {rF- rN+ Regen+ Slay+6}
rPois   .          Reflect  +    k - +2 hat {Will+}
rElec   .          Harm     .    (no cloak)
rCorr   .          Rampage  .    R - +0 pair of gloves
Will    ++...                    C - +0 pair of boots
Stlth   ++                       w - amulet of reflection
HPRegen 1.16/turn                a - ring of ice
MPRegen 0.16/turn                K - ring of flight

@: freezing walls, flying
A: no striking features
a: Renounce Religion, Recall Undead Harvest, Dark Bargain


You were on level 1 of the Lair of Beasts.
You worshipped Yredelemnul.
Yredelemnul was aware of your devotion.
You visited 3 branches of the dungeon, and saw 13 of its levels.
You also visited: Bailey.

You collected 862 gold pieces.

Inventory:

Hand Weapons
 l - the +5 short sword of Deformation (weapon) {vamp, Fragile rN+ Will+ Dex+3}
   (You found it on level 3 of the Dungeon)

   Dex:       It affects your dexterity (+3).
   rN:        It protects you from negative energy.
   Fragile:   It will be destroyed if unequipped.
   Will:      It increases your willpower.
 x - the +6 shillelagh "Devastator" {shatter}
   (You found it on level 5 of the Dungeon)
 F - a +2 heavy hand axe
 O - a +1 short sword of electrocution
 Q - the +4 quarterstaff of Linwug {flame, rF- rN+ Str+2 Dex+3 SInv}
   (You found it on level 8 of the Dungeon)

   Str:       It affects your strength (+2).
   Dex:       It affects your dexterity (+3).
   rF:        It makes you vulnerable to fire.
   rN:        It protects you from negative energy.
   SInv:      It lets you see invisible.
Missiles
 D - 8 atropa-tipped darts
 H - 40 poisoned darts
Armour
 f - a +1 helmet
 k - a +2 hat of willpower (worn)
 p - the +4 ring mail of the Constellations (worn) {rF- rN+ Regen+ Slay+6}
   (You found it on level 3 of the Dungeon)

   Slay:      It affects your accuracy & damage with ranged weapons and melee
   (+6).
   rF:        It makes you vulnerable to fire.
   rN:        It protects you from negative energy.
   Regen:     It increases your rate of health regeneration.
 A - quicksilver dragon scales
 C - a +0 pair of boots (worn)
 M - the +9 scales of the Dragon King {rPois rF+ rC+ Will+}
   (You found it on level 7 of the Dungeon)

   rF:        It protects you from fire.
   rC:        It protects you from cold.
   rPois:     It protects you from poison.
   Will:      It increases your willpower.
 R - a +0 pair of gloves (worn)
Magical Staves
 j - a staff of death
 N - a staff of conjuration
Jewellery
 a - a ring of ice (left hand)
 w - an amulet of reflection (around neck)
 G - a ring of resist corrosion
 J - a ring of resist corrosion
 K - a ring of flight (right hand)
Wands
 q - a wand of charming (2)
Scrolls
 e - a scroll of butterflies {unknown}
 h - 5 scrolls of enchant armour
 i - 3 scrolls of teleportation
 m - a scroll of immolation
 o - a scroll of fog {unknown}
 y - 4 scrolls of fear {unknown}
 B - 2 scrolls of noise {unknown}
 E - a scroll of amnesia {unknown}
Potions
 b - 3 potions of invisibility
 c - 5 potions of flight
 d - 4 potions of mutation
 g - 7 potions of curing
 n - 4 potions of lignification
 r - a potion of brilliance
 s - a potion of heal wounds
 t - 3 potions of might {unknown}
 u - 3 potions of attraction
 v - a potion of resistance
 z - a potion of berserk rage {unknown}
 I - a potion of haste {unknown}
 P - a potion of ambrosia {unknown}
 S - a potion of cancellation {unknown}
Miscellaneous
 L - a phantom mirror (inert)


   Skills:
 + Level 9.8 Fighting
 - Level 0.7 Short Blades
 + Level 6.3 Armour
 - Level 8.1 Dodging
 - Level 3.1 Stealth
 - Level 3.0 Spellcasting
 + Level 9.5 Summonings
 - Level 8.0 Ice Magic
 + Level 8.1 Invocations


You had 6 spell levels left.
You knew the following spells:

 Your Spells              Type           Power      Damage    Failure   Level
a - Freeze                Ice            100%       1d10      1%          1
b - Frozen Ramparts       Ice            98%        1d15      4%          3
c - Summon Ice Beast      Ice/Summ       53%        N/A       10%         4
d - Ozocubu's Armour      Ice            49%        N/A       4%          3

Your spell library contained the following spells:

 Spells                   Type           Power      Damage    Failure   Level
 Kiss of Death            Conj/Necr      8%         2d6       36%         1
 Slow                     Hex            8%         N/A       36%         1
 Confusing Touch          Hex            2%         N/A       73%         3
 Dazzling Flash           Conj/Hex       4%         N/A       73%         3
 Vampiric Draining        Necr           2%         2d6       73%         3
 Dispel Undead            Necr           2%         3d7       98%         4
 Agony                    Necr           2%         N/A       100%        5
 Silence                  Hex/Air        1%         N/A       100%        5


Dungeon Overview and Level Annotations

Branches:
Dungeon (11/15)            Temple (1/1) D:7            Lair (1/5) D:9
    Orc (0/2) D:9          Bailey (visited)

Altars:
Cheibriados
Dithmenos
Elyvilon
Fedhas
Gozag
Hepliaklqana
Kikubaaqudgha
Nemelex Xobeh
Okawaru
Qazlal
Ru
Sif Muna
Trog
Uskayaw
Vehumet
Wu Jian
Yredelemnul
Zin
The Shining One

Shops:
D:1 :


Message History

You kill the yak!
The dead are walking!
You can now bind living souls.
The wall freezes the yak.
You kill the yak!
You can no longer bind living souls.
You swap places.
Your icy armour cracks and falls away as you move.
The frozen ramparts melt away as you move.
You can now bind living souls.
Your ice beast disappears in a puff of smoke!
You swap places.
Found a great sword.
A lindwurm comes into view.
The lindwurm roars!
You hear a roar! x2
A lindwurm comes into view.
The lindwurm roars!
You hear an angry hiss.
A lindwurm comes into view.
Casting: Frozen Ramparts (mildly dangerous; 4% risk of failure)
Confirm with . or Enter, or press ? or * to list all spells.
Casting: Frozen Ramparts (mildly dangerous; 4% risk of failure)
Press: ? - help, Dir - look around, f - activate You feel a surge of power!
The walls around you are covered in ice.
The lindwurm breathes flames at you. The blast of flame hits you!!!
The fire burns you terribly!
You hear an angry hiss.
A basilisk comes into view.
The basilisk hisses menacingly.
The basilisk gazes at you. You resist with almost no effort.
You can now trade souls for undead servants.
The lindwurm breathes flames at you. The blast of flame hits you!!
The fire burns you terribly!
You hear a roar!
The lindwurm breathes flames at you. The blast of flame hits you!!!
The fire burns you terribly!
Ouch! That really hurt!
You die...
Your body rises from the dead as a mindless zombie.

#......................
#......................
#......................
#....................Z.
##....#...#..#....##.Z##
#....#.............##Z##
##...#............##....
#......Z..........##....
##.#.#.@Z#........##....
#§≈####...#....##....
...kk #...#....#.....
≈..k. ###+#....##....
#..≈# #........##....
≈..# #........###..# #..
#.........###+.
##.............
#..............


You could see 2 lindwurms and 2 friendly yak zombies.

Vanquished Creatures
  A two-headed ogre (D:7)
  An orc knight (D:7)
  Maggie (Lair:1)
  A rime drake (Lair:1)
  A cane toad (Lair:1)
  5 kobold demonologists
  Grinder (D:3)
  A shadow (D:10)
  2 wraiths (D:10)
  16 yaks
  A vampire mosquito (D:11)
  An acid dragon (D:9)
  6 orc warriors
  3 sky beasts
  3 black bears
  2 ice beasts
  An ogre (D:5)
  5 centaurs
  A phantom (D:7)
  6 kobold brigands
  A bullfrog (D:7)
  6 scorpions
  A gnoll sergeant (D:8)
  A necrophage (D:7)
  11 wights
  Dowan (D:4)
  16 killer bees
  4 howler monkeys
  A crimson imp (D:4)
  3 hounds
  A jelly (D:5)
  2 gnoll boudas
  8 orc priests
  Ijyb (D:3)
  4 iguanas
  6 orc wizards
  6 gnolls
  3 adders
  A shadow imp (D:7)
  3 white imps
  5 worms
  8 dart slugs
  30 orcs
  9 bats
  7 endoplasms
  6 giant cockroaches
  7 goblins
  9 hobgoblins
  12 kobolds
  2 quokkas
  10 ball pythons
  A goblin skeleton (D:4)
  A goblin zombie (D:4)
  3 hobgoblin zombies (D:4)
  An orc skeleton (D:4)
  5 rats
255 creatures vanquished.

Vanquished Creatures (collateral kills)
  Gastronok (Lair:1)
  The ghost of SirDiesAlot the Arsonist, a journeyman DsFE of Sif Muna (D:9)
  2 cane toads (Lair:1)
  A troll (D:7)
  A wraith (D:10)
  8 yaks
  2 vampire mosquitoes (D:11)
  An acid dragon (D:9)
  A water moccasin (D:6)
  4 orc warriors
  2 black bears
  An ogre (D:5)
  2 centaurs (D:7)
  2 bullfrogs (Lair:1)
  2 kobold brigands
  A howler monkey (D:7)
  2 orc priests
  2 orc wizards (D:7)
  A statue (D:5)
  A gnoll (D:8)
  2 shadow imps (D:7)
  A worm (D:5)
  A dart slug (D:5)
  8 orcs
  7 kobolds
57 creatures vanquished.

Vanquished Creatures (others)
  A cane toad zombie (Lair:1)
  Duvessa (D:4)
  An ogre (D:7)
  A centaur (D:7)
  3 kobold brigands (Bailey)
  2 bullfrog zombies (Lair:1)
  A centaur zombie (D:7)
  A black bear zombie (D:7)
  A scorpion zombie (D:9)
  8 killer bee zombies
  An ice beast zombie (D:7)
  A hound zombie (D:7)
  2 howler monkey zombies (D:7)
  A spectral shadow imp (D:7)
  A spectral white imp (D:7)
  2 gnoll zombies (D:8)
  2 endoplasm zombies (D:4)
  A hobgoblin zombie (D:4)
  9 kobold zombies
  19 orc zombies
  20 fungi
  17 plants (D:9)
96 creatures vanquished.

Grand Total: 408 creatures vanquished

Notes
Turn   | Place    | Note
-------+----------+-------------------------------------------
     0 | D:1      | Orangeyouglad the Human Ice Elementalist began the quest
                  | for the Orb.
     0 | D:1      | Reached XP level 1. HP: 13/13 MP: 3/3
    99 | D:1      | Reached XP level 2. HP: 8/19 MP: 3/5
   317 | D:1      | Reached XP level 3. HP: 19/24 MP: 1/6
   638 | D:1      | Found Banaxon's Book Shoppe.
  1074 | D:2      | Learned a level 3 spell: Frozen Ramparts
  1154 | D:2      | Reached XP level 4. HP: 30/30 MP: 4/7
  1944 | D:3      | Identified the +5 short sword of Deformation {vamp, Fragile
                  | rN+ Will+ Dex+3}
  2035 | D:3      | Noticed Grinder
  2169 | D:3      | Found a basalt altar of Yredelemnul.
  2188 | D:3      | Identified the +4 ring mail of the Constellations {rF- rN+
                  | Regen+ Slay+6}
  2234 | D:3      | Noticed Ijyb
  2240 | D:3      | Killed Ijyb
  2241 | D:3      | Reached XP level 5. HP: 35/35 MP: 7/9
  2918 | D:4      | Noticed Dowan
  2920 | D:4      | Noticed Duvessa
  2935 | D:4      | Your ally Duvessa died
  2940 | D:4      | Killed Dowan
  2941 | D:4      | Reached skill level 1 in Fighting
  2941 | D:4      | Reached XP level 6. HP: 43/43 MP: 10/10
  2954 | D:4      | Found an ornate altar of the Wu Jian Council.
  3052 | D:4      | Found a glowing golden altar of the Shining One.
  3107 | D:4      | Reached skill level 5 in Ice Magic
  3124 | D:4      | Learned a level 4 spell: Summon Ice Beast
  3253 | D:3      | Became a worshipper of Yredelemnul the Dark
  3254 | D:3      | Paralysed by Grinder for 2 turns
  3264 | D:3      | Killed Grinder
  3265 | D:3      | Reached skill level 1 in Summonings
  3265 | D:3      | Reached XP level 7. HP: 45/51 MP: 11/11
  3548 | D:4      | Reached * piety under Yredelemnul
  3989 | D:5      | Entered Level 5 of the Dungeon
  4013 | D:5      | Reached XP level 8. HP: 50/58 MP: 12/12
  4104 | D:5      | Reached skill level 5 in Dodging
  4121 | D:5      | Reached ** piety under Yredelemnul
  4232 | D:5      | Reached *** piety under Yredelemnul
  4238 | D:5      | Reached XP level 9. HP: 41/66 MP: 9/13
  4240 | D:5      | Reached **** piety under Yredelemnul
  4307 | D:5      | Found the +6 shillelagh "Devastator" {shatter}
  4360 | D:5      | Found an opulent altar of Gozag.
  4369 | D:5      | Found a radiant altar of Vehumet.
  4984 | D:6      | Reached skill level 5 in Fighting
  5405 | D:6      | Found a sparkling altar of Nemelex Xobeh.
  5632 | D:7      | Reached skill level 5 in Summonings
  5669 | D:7      | Noticed an orc knight
  5729 | D:7      | Killed an orc knight
  5730 | D:7      | Reached XP level 10. HP: 29/76 MP: 2/14
  5804 | D:7      | Found a flagged portal.
  5815 | Bailey   | Entered a bailey
  5822 | Bailey   | Learned a level 3 spell: Ozocubu's Armour
  5946 | Bailey   | Reached skill level 1 in Invocations
  5960 | Bailey   | Found a bloodstained altar of Trog.
  6298 | D:7      | Noticed a two-headed ogre
  6314 | D:7      | Killed a two-headed ogre
  6418 | D:7      | Found the +9 scales of the Dragon King {rPois rF+ rC+
                  | Will+}
  6742 | D:7      | Found an iron altar of Okawaru.
  6809 | D:7      | Found a staircase to the Ecumenical Temple.
  6819 | Temple   | Entered the Ecumenical Temple
  7310 | D:8      | Identified the +4 quarterstaff of Linwug {flame, rF- rN+
                  | Str+2 Dex+3 SInv}
  7325 | D:8      | Reached XP level 11. HP: 84/84 MP: 12/15
  7352 | D:8      | Reached skill level 1 in Armour
  7649 | D:8      | You are sucked into a shaft and drop 3 floors!
  7725 | D:10     | Entered Level 10 of the Dungeon
  7792 | D:9      | Found a hide-covered altar of Uskayaw.
  7803 | D:9      | Reached skill level 5 in Invocations
  8230 | D:9      | Found a stormy altar of Qazlal.
  8392 | D:9      | Found a blossoming altar of Fedhas.
  8439 | D:9      | Found a staircase to the Lair.
  8765 | D:9      | Found a staircase to the Orcish Mines.
  8780 | D:9      | Reached ***** piety under Yredelemnul
  9044 | D:9      | Found a runed translucent gate.
  9045 | D:9      | Found a runed translucent gate.
  9046 | D:9      | Found a runed translucent gate.
  9048 | D:9      | Identified the +6 chain mail of Privacy {Harm rF- Int-2
                  | Slay+5}
  9050 | D:9      | Noticed SirDiesAlot's ghost (journeyman DsFE)
  9108 | D:9      | Killed SirDiesAlot's ghost
  9281 | D:10     | Reached XP level 12. HP: 84/94 MP: 5/16
  9385 | D:10     | Found a sacrificial altar of Ru.
  9680 | D:10     | Found a white marble altar of Elyvilon.
  9738 | D:10     | Reached skill level 5 in Armour
  9824 | D:10     | Found a shadowy altar of Dithmenos.
 10202 | Lair:1   | Entered Level 1 of the Lair of Beasts
 10202 | Lair:1   | Noticed Maggie
 10215 | Lair:1   | Killed Maggie
 10575 | Lair:1   | Noticed Gastronok
 10591 | Lair:1   | Killed Gastronok
 10983 | Lair:1   | Killed from afar by a lindwurm

Illustrated notes

Levels and vault maps discovered:
D:1:      lemuel_arrival_tunnels, layout_basic, serial_forest,
          infiniplex_forest_clump_tiny, infiniplex_forest_clump_tiny,
          infiniplex_forest_lined_3_way, infiniplex_forest_corner_1,
          infiniplex_forest_diagonal, infiniplex_forest_lined_room_2,
          infiniplex_forest_straight_4, infiniplex_forest_diagonal,
          infiniplex_forest_lined_3, serial_shops, nicolae_shop_hallway_stairs
D:2:      layout_loops_ring, dk_noncrumbling_4, grunt_ministairs_14
D:3:      layout_basic, lemuel_round_altar, uniq_grinder, uniq_ijyb
D:4:      layout_loops_ring, nicolae_tso_besieged_by_evil,
          mainiacjoe_overflow_boulevard, grunt_ministairs_13,
          chequers_serial_rivers_micro_a, minmay_misc_feat_four_crosses,
          uniq_duvessa
D:5:      layout_cave_pools, vehumet_statue, old_standard_altar,
          dilly_guarded_unrand_devastator
D:6:      layout_gridville, mainiacjoe_overflow_24_doors
D:7:      minmay_the_grid_plus_closed [minmay_the_grid_aliased_spiral,
          minmay_the_grid_minigrid_medium, minmay_the_grid_tree,
          minmay_the_grid_armoury, minmay_the_grid_prize_diamond_cup],
          layout_rooms, mainiacjoe_overflow_concentric_impassable,
          minmay_temple_entry_fiery, enter_bailey_2, small_statue_intersection,
          centaur_isle
D:8:      layout_basic, chequers_temple_overflow_statue_of_worship,
          hangedman_decor_push, minivault_21
D:9:      layout_basic, grunt_temple_overflow_forces_of_nature,
          amcnicky_altar_gilded, grunt_lair_entry_orc_guard_hut, orc_0_dummy,
          biasface_ghost_orc_armoury
D:10:     layout_irregular_city, elyvilon_altar_1, general_overflow_altar,
          mainiacjoe_overflow_surrounded_room
D:11:     gammafunk_beogh_shrine, layout_irregular_city
Temple:   nicolae_temple_ecumenical_triangle
Lair:1:   layout_regular_city, nicolae_lair_lindhole, uniq_maggie, uniq_erica,
          uniq_gastronok

Skill      XL: |  1  2  3  4  5  6  7  8  9 10 11 12 |
---------------+-------------------------------------+-----
Dodging        | 3 4 5 7 8 |  8.1
Stealth        | 3 |  3.1
Spellcasting   | 3 |  3.0
Fighting       | 1 2 3 4 6 7 8 9 |  9.8
Ice Magic      | 5 6 7 8 |  8.0
Summonings     | 1 2 3 5 7 8 9 |  9.5
Invocations    | 4 6 8 |  8.1
Armour         | 4 6 |  6.3
Short Blades   | |  0.7

Action                     |  1- 3 |  4- 6 |  7- 9 | 10-12 || total
---------------------------+-------+-------+-------+-------++-------
  Melee: Unarmed           |     2 |       |       |       ||     2
         Short sword       |    29 |   107 |   127 |   318 ||   581
         Punch             |       |     5 |     2 |     7 ||    14
  Throw: Dart              |       |       |       |    10 ||    10
   Cast: Freeze            |    48 |    22 |    11 |     5 ||    86
         Frozen Ramparts   |       |     3 |     4 |    30 ||    37
         Ozocubu's Armour  |       |       |       |    24 ||    24
         Summon Ice Beast  |       |       |       |    13 ||    13
 Invoke: Recall Undead Har |       |       |     1 |     2 ||     3
         Dark Bargain      |       |       |       |     1 ||     1
  Evoke: Wand              |       |     3 |     8 |     8 ||    19
         Phantom mirror    |       |       |       |     1 ||     1
    Use: Potion            |     1 |       |     2 |     2 ||     5
         Scroll            |       |     6 |     2 |     7 ||    15
   Stab: Sleeping          |     1 |     6 |     2 |     1 ||    10
         Distracted        |       |     1 |     4 |     2 ||     7
         Invisible         |       |       |       |     1 ||     1
 Armour: Robe              |    13 |    13 |       |       ||    26
         Ring mail         |       |    20 |    66 |   167 ||   253
  Dodge: Dodged            |    46 |    74 |    77 |   316 ||   513
  Block: Other             |       |       |    16 |   119 ||   135
         Reflection        |       |       |       |    20 ||    20

Table legend: (Time is in decaauts)
 A = Elapsed time spent in this place.
 B = Non-inter-level travel time spent in this place.
 C = Inter-level travel time spent in this place.
 D = Time resting spent in this place.
 E = Time spent auto-exploring this place.
 F = Levels seen in this place.
 G = Mean time per level.
                   A        B        C        D        E       F      G
               +--------+--------+--------+--------+--------+-----+--------+
         Total |  10992 |  10486 |    506 |   1093 |   5783 |  14 |  785.1 |
       Dungeon |   9963 |   9457 |    506 |   1059 |   5214 |  11 |  905.7 |
        Temple |     29 |     29 |      0 |      0 |     22 |   1 |   29.0 |
          Lair |    779 |    779 |      0 |     34 |    547 |   1 |  779.0 |
        Bailey |    219 |    219 |      0 |      0 |      0 |   1 |  219.0 |
               +--------+--------+--------+--------+--------+-----+--------+

Top non-repeatable levels by time:
     D:9: 1501 daAuts
     D:7: 1243 daAuts
     D:4: 1148 daAuts
     D:1: 1051 daAuts
    D:10: 999 daAuts
     D:2: 904 daAuts
     D:6: 889 daAuts
     D:3: 880 daAuts
  Lair:1: 779 daAuts
     D:5: 736 daAuts
     D:8: 533 daAuts
  Bailey: 219 daAuts
    D:11: 75 daAuts
  Temple: 29 daAuts
